 Dungeon Crawl Stone Soup version 0.20.1-1-g8b1a95d (webtiles) character file.

143 polve the Charmwright (level 5, -1/38 HPs)
             Began as a Merfolk Skald on July 17, 2017.
             Slain by an orc (2 damage)
             ... on level 3 of the Dungeon.
             The game lasted 00:03:50 (3270 turns).

polve the Charmwright (Merfolk Skald)               Turns: 3270, Time: 00:03:51

Health: -1/38      AC:  6    Str: 11    XL:     5   Next: 25%
Magic:  7/8        EV: 11    Int: 13    God:
Gold:   156        SH:  3    Dex: 14    Spells: 2/8 levels left

rFire    . . .     SeeInvis .   a - +0 spear
rCold    . . .     Gourm    .   n - +0 buckler
rNeg     . . .     Faith    .   b - +0 leather armour
rPois    .         Spirit   .   q - +0 helmet
rElec    .         Reflect  .   (no cloak)
rCorr    .         Harm     .   h - +0 pair of gloves
MR       .....                  k - +0 pair of boots
Stlth    ..........             (no amulet)
Regen    0.2/turn               i - ring of loudness (curse)
MPRegen  0.2/turn               (no ring)

@: infused, very slightly contaminated
A: change form in water, swift swim, stealthy swim
a: no special abilities


You were on level 3 of the Dungeon.
You were not hungry.

You visited 1 branch of the dungeon, and saw 3 of its levels.

You collected 156 gold pieces.

Inventory:

Hand Weapons
 a - a +0 spear (weapon)
Armour
 b - a +0 leather armour (worn)
 h - a +0 pair of gloves (worn)
 k - a +0 pair of boots (worn)
 n - a +0 buckler (worn)
 q - a +0 helmet (worn)
Jewellery
 i - a cursed ring of loudness (left hand)
Scrolls
 j - 2 scrolls of fear {unknown}
 l - a scroll of fog {unknown}
 m - 4 scrolls of identify {unknown}
 p - a scroll of blinking {unknown}
 s - a scroll of remove curse {unknown}
Potions
 o - a potion of ambrosia
 u - a potion of magic
 v - a potion of degeneration {unknown}
Books
 c - a book of Battle

   Spells                             Type                      Level
   a - Infusion                       Charms                       1
   b - Shroud of Golubria             Charms/Translocation         2
   c - Song of Slaying                Charms                       2
   d - Spectral Weapon                Hexes/Charms                 3
   e - Regeneration                   Charms/Necromancy            3
Comestibles
 d - 2 bread rations
 f - a meat ration
 g - 2 royal jellies


   Skills:
 - Level 2.1 Fighting
 - Level 3.4 Polearms
 - Level 0.6 Armour
 - Level 2.6 Dodging
 - Level 0.2 Shields
 - Level 2.0 Spellcasting
 + Level 2.8 Hexes
 - Level 4.0 Charms
 - Level 2.1 Translocations


You had 2 spell levels left.
You knew the following spells:

 Your Spells              Type           Power        Failure   Level  Hunger
a - Infusion              Chrm           ##..         11%         1    ##.....
b - Shroud of Golubria    Chrm/Tloc      #.........   22%         2    ###....
c - Spectral Weapon       Hex/Chrm       ##......     38%         3    ####...


Dungeon Overview and Level Annotations

Branches:
Dungeon (3/15)

Altars:


Message History

The orc hits you with a club.
You hit the orc.
You kill the orc!
The orc wizard points at you and mumbles some strange words.
The magic dart hits you!
The orc wizard points at you and mumbles some strange words.
The puff of flame hits you!
* * * LOW HITPOINT WARNING * * *
The orc closely misses you. The orc wizard barely misses you.
There is an open door, spattered with blood here.
Items here: )) [[ † a club; a ring mail; a dagger; a ring mail; a quokka corpse You barely miss the orc wizard.
The orc closely misses you. The orc wizard barely misses you.
You miss the orc wizard.
The orc wizard gestures at you while chanting.
The magic dart hits you!
* * * LOW HITPOINT WARNING * * *
The orc hits you.
You die...

##.......##
#.........###
+...........
#..........
#.......#
#.....# #oo.#
#@# #.# #.#
##.## ##...##
#.....###
##......###
###.####........
.......(.....###


You could see an orc wizard and an orc.

Vanquished Creatures
  An orc wizard (D:3)
  2 adders
  3 worms
  2 dart slugs (D:1)
  2 leopard geckos (D:1)
  6 orcs (D:3)
  6 bats
  6 giant cockroaches
  7 goblins
  9 hobgoblins
  10 jackals
  6 kobolds (D:1)
  A quokka (D:3)
  3 ball pythons (D:1)
  2 frilled lizards (D:1)
  8 rats
74 creatures vanquished.

Vanquished Creatures (others)
  A rat (D:3)
1 creature vanquished.

Grand Total: 75 creatures vanquished

Notes
Turn   | Place    | Note
-------+----------+-------------------------------------------
     0 | D:1      | polve the Merfolk Skald began the quest for the Orb.
     0 | D:1      | Reached XP level 1. HP: 16/16 MP: 3/3
    51 | D:1      | Reached XP level 2. HP: 10/22 MP: 5/5
   256 | D:1      | Reached skill level 4 in Charms
   280 | D:1      | Learned a level 2 spell: Shroud of Golubria
   827 | D:1      | Reached skill level 1 in Translocations
   827 | D:1      | Reached XP level 3. HP: 17/27 MP: 6/6
  1799 | D:2      | Reached XP level 4. HP: 33/33 MP: 7/7
  1810 | D:2      | Learned a level 3 spell: Spectral Weapon
  2244 | D:2      | Reached skill level 1 in Hexes
  2894 | D:3      | HP: 1/33 [orc wizard/puff of flame (5)]
  2898 | D:3      | Reached XP level 5. HP: 16/38 MP: 6/8
  3270 | D:3      | HP: 1/38 [orc wizard/magic dart (11)]
  3270 | D:3      | Slain by an orc

Skill      XL: |  1  2  3  4 |
---------------+-------------+-----
Charms         | 4 |  4.0
Translocations | 1 2 |  2.1
Hexes          | 2 |  2.8
Fighting       | |  2.1
Polearms       | |  3.4
Armour         | |  0.6
Dodging        | |  2.6
Shields        | |  0.2
Spellcasting   | |  2.0

Action                   |  1- 3 |  4- 6 || total
-------------------------+-------+-------++-------
Melee: Spear             |   169 |   159 ||   328
       Tailslap          |     2 |       ||     2
 Cast: Infusion          |     2 |     8 ||    10
       Shroud of Golubri |       |     1 ||     1
  Use: Potion            |       |     5 ||     5
  Eat: Chunk             |     3 |     5 ||     8
Armor: Leather armour    |    41 |    38 ||    79
Dodge: Dodged            |   116 |    63 ||   179
Block: Buckler           |     4 |    10 ||    14
